 Dungeon Crawl Stone Soup version 0.18-a0-1800-gdc7a371 (webtiles) character file.

23 M4edhros the Grave Robber (level 2, -1/17 HPs)
             Began as an Octopode Necromancer on Apr 24, 2016.
             Slain by an adder (3 damage)
             ... on level 2 of the Dungeon.
             The game lasted 00:01:36 (294 turns).

M4edhros the Grave Robber (Octopode Necromancer)     Turns: 294, Time: 00:01:37

Health: -1/17      AC:  1    Str:  4 (7)  XL:     2   Next: 95%
Magic:  3/5        EV: 12    Int: 14 (17) God:
Gold:   13         SH:  0    Dex:  8 (10) Spells: 1 memorised, 4 levels left

rFire  . . .     SeeInvis .     m - +0 dagger (venom)
rCold  . . .     Gourm    .     (no shield)
rNeg   . . .     Faith    .     (helmet restricted)
rPois  +         Spirit   .     (no amulet)
rElec  .         Dismiss  .     k - ring of loudness (curse)
rCorr  .         Reflect  .     (no ring)
SustAt .         Harm     .     (no ring)
MR     .....     Clarity  +     (no ring)
Stlth  ++........               (no ring)
                                (no ring)
                                (no ring)
                                (no ring)

@: not resistant to hostile enchantments, unstealthy
A: almost no armour, amphibious, 8 rings, constrict 8, camouflage 1, clarity,
clumsy 1, poison resistance, gelatinous body 1
a: no special abilities


You were on level 2 of the Dungeon.
You were not hungry.

You visited 1 branch of the dungeon, and saw 2 of its levels.

You collected 13 gold pieces.

Inventory:

Hand Weapons
 m - a +0 dagger of venom (weapon)
Missiles
 d - 12 sling bullets
 j - 64 stones (quivered)
Jewellery
 k - a cursed ring of loudness (left tentacle)
Scrolls
 e - a scroll of immolation {unknown}
 f - a scroll of fog {unknown}
 g - a scroll of random uselessness {unknown}
 h - a scroll of recharging {unknown}
Books
 a - a book of Necromancy

   Spells                             Type                      Level
   a - Pain                           Necromancy                   1
   b - Animate Skeleton               Necromancy                   1
   c - Vampiric Draining              Necromancy                   3
   d - Regeneration                   Charms/Necromancy            3
   e - Animate Dead                   Necromancy                   4
   f - Control Undead                 Necromancy                   4
Comestibles
 b - 2 bread rations
 l - a beef jerky


   Skills:
 - Level 2.0 Dodging
 - Level 2.6 Stealth
 + Level 2.4 Unarmed Combat
 - Level 2.0 Spellcasting
 - Level 4.0 Necromancy


You had 4 spell levels left.
You knew the following spells:

 Your Spells              Type           Power        Failure   Level  Hunger
a - Pain                  Necr           ##..         4%          1    ##.....


Dungeon Overview and Level Annotations

Branches:
Dungeon (2/15)

Altars:

Annotations:
D:2 Ijyb


Innate Abilities, Weirdness & Mutations

You cannot wear most types of armour.
You are amphibious.
You can wear up to eight rings at the same time.
You can use your tentacles to constrict eight enemies at once.
Your skin changes colour to match your surroundings (Stealth).
Your rubbery body absorbs attacks (AC +1).
You possess an exceptional clarity of mind.
You are clumsy. (Dex -2)
Your system is resistant to poisons.


Message History

You closely miss the adder. Your grab misses the adder.
You tentacle-slap the adder, but do no damage.
Your squeeze misses the adder. The adder bites you.
You hit the adder. Your grab misses the adder.
The adder is lightly wounded.
The adder bites you.
* * * LOW HITPOINT WARNING * * *
The adder completely misses you.
You hit the adder.
The adder is poisoned.
Your grab misses the adder.
The adder is lightly wounded.
The adder barely misses you.
You miss the adder. Your grab misses the adder.
The adder is moderately wounded.
The adder barely misses you.
You closely miss the adder. Your grab misses the adder.
The adder is heavily wounded.
The adder bites you.
* * * LOW HITPOINT WARNING * * *
The adder bites you.
You die...

### #.. ###### #..
#....# #..
#....#################..
#....#.@................
#.....S###############..
#.....## #.. #....## ###
#..).# # ........# #
)........ # ..##..... #
. ....... #


You could see an adder.

Vanquished Creatures
  An adder (D:2)
  A giant gecko (D:2)
  A ball python (D:2)
  A giant cockroach (D:1)
  3 goblins (D:2)
  2 hobgoblins (D:2)
  A bat (D:2)
  2 giant newts (D:2)
  A kobold (D:2)
13 creatures vanquished.

Notes
Turn   | Place    | Note
--------------------------------------------------------------
     0 | D:1      | M4edhros the Octopode Necromancer began the quest for the Orb.
     0 | D:1      | Reached XP level 1. HP: 11/11 MP: 3/3
   100 | D:2      | Reached skill level 1 in Unarmed Combat
   100 | D:2      | Reached XP level 2. HP: 13/17 MP: 0/5
   279 | D:2      | Noticed Ijyb
   285 | D:2      | Gained mutation: You possess an exceptional clarity of mind. [potion of mutation]
   285 | D:2      | Gained mutation: You are clumsy. (Dex -2) [potion of mutation]
   285 | D:2      | Gained mutation: Your system is resistant to poisons. [potion of mutation]
   294 | D:2      | Slain by an adder

Vault maps used:
D:1:      lemuel_arrival_river_bridge
D:2:      uniq_iyjb

Skill      XL: |  1  2 |
---------------+-------+-----
Unarmed Combat | 1 2 |  2.4
Dodging        | |  2.0
Stealth        | |  2.6
Spellcasting   | |  2.0
Necromancy     | |  4.0

Action                   || total
-------------------------++-------
Melee: Dagger            ||    14
       Unarmed           ||     6
       Constrict         ||     2
       Punch             ||     1
 Cast: Pain              ||    14
  Use: Potion            ||     2
Armor: Skin              ||     3
Dodge: Dodged            ||    15
